Workbook

Sheet Instructions
B2: RS Supplement to the ILPA Reporting Template
B4: To ensure the Template focuses on efficiently meeting the needs of a diverse LP community, a two-tiered structure has been incorporated into the Template. Level 1 data represents high-level summary conten provided by GPs to LPs upon request. Level 2 data introduces additional granularity and itemization for certain subtotals, i.e., fees subject to offset and partnership expenses, and fees/reimbursements received from underlying investments. The more-detailed Level 2 content is represented in the RS Supplemental(ILPA-RS Level2).
B6: The following table highlights the key differences between the data points captured by Level 1 and Level 2 information in the Template.
B8: Level 1 Standard | C8: Level 2 Standard
B9: See Reporting Template(ILPA Level1) and Definitions (ILPA) | C9: See RS Supplemental(ILPA-RS Level2), RS Fee and Cost Matrix, and Definitions (GDD)
B13: ILPA-RS Reporting Template Instructions
B15: I. Input data on the following tabs
B17: FIRST:
B18: Reporting Template (General).
B19: General Information. This is to collect basic information about the Firm, the Fund, and other relevant information .
B20: ACTION: Input data in blue. Column E notes the function of each row.
B22: ILPA Reporting Template (Level 1).
B23: Section A. Level 1 Only. The ability to monitor, aggregate and analyze an LP’s direct costs of participating in a given private equity real estate fund (a “Fund”). These values are presented within the framework of a typical partners’ capital account statement, providing valuable context to the reported fees.
B24: No data inputs are required on this tab. Note that data shown in green is pulled from the RS Supplemental (ILPA-RS Level 2) tab. Column N notes the function of each row.
B26: Section B. A summary of the GP’s sources of economics (GP and affiliates, related parties) regarding the Fund and the investments made by the Fund (including reimbursements and any fees not subject to offset).
B27: Note that data shown in green is pulled from the RS Supplemental (ILPA-RS Level 2) tab.
B29: SECOND:
... B39: Institutional Limited Partners Association ("ILPA") Reporting Template.
B40: ACTION: Review ILPA Guidance here: | C40: https://ilpa.org/reporting-template/
B42: Real Estate Global Definitions Database, sponsored by INREV, ANREV, PREA and NCREIF
B43: ACTION: Search real estate definitions here: | C43: https://www.inrev.org/definitions/
B45: III. Follow the Reporting Standards
B46: RS NCREIF PREA Reporting Standards
B47: ACTION: Review what's new with RS here: | C47: https://reportingstandards.info/
B48: ACTION: Follow RS on LinkedIn here: | C48: https://www.linkedin.com/company/ncreif-prea-reporting-standards/

Sheet Reporting Template (General)
A1: ILPA-RS REPORTING TEMPLATE
A2: Contacts and General Fund Information | C2: Calendar Quarter End: | D2: 43465 | E2: Row Requires Input
A4: 1. Complete the blue fields on this page:
A5: Fund Name: | B5: [Enter the Name of your Fund Here, i.e. Best Practices Real Estate Fund II] | C5: Fund Gross Asset Value (GAV) as of Calendar Quarter End (in millions) | D5: 500 | E5: Row Requires Input
A6: Firm Name: | B6: [Enter the Name of your Firm Here] | C6: LP # Ownership %: | D6: 0.1 | E6: Row Requires Input
A7: Prepared by: | B7: [Enter the Preparers Name Here] | C7: Inception Start: | D7: 40268 | E7: Row Requires Input
A8: E-mail address: | B8: [Enter the Preparers E-mail Here] | C8: Current Year Start: | D8: 43101 | E8: Row Requires Input
A9: Prepared for: | B9: [Enter the Limited Partner Name Here] | C9: Current Period Start: | D9: 43374 | E9: Row Requires Input
A10: LP#: | B10: [Enter the Limited Partner # Here] | C10: Period End: | D10: 43465 | E10: Row Requires Input
C11: Below data is for user ease of reference, only. No calcs.
C12: Fund Structure:
C13: Open-End/Evergreen | D13: Yes/No | E13: Row Requires Input
C14: Closed-end, and if yes complete below: | D14: Yes/No | E14: Row Requires Input
C15: 1st Sub Line Draw: | D15: 40361 | E15: Row Requires Input
C16: 1st Capital Call: | D16: 40599 | E16: Row Requires Input
C17: Final Close Date: | D17: 41274 | E17: Row Requires Input
C18: Inv Period End Date: | D18: 42735 | E18: Row Requires Input
C19: Management Fee:
C20: Inside Commitment | D20: Yes/No | E20: Row Requires Input
C21: Outside/On top of Commitment | D21: Yes/No | E21: Row Requires Input
C22: Below data is for user ease of reference, only. No calcs.
C23: LP Specific
C24: Mgmt fee rate IP | D24: 0.01 | E24: Row Requires Input
C25: Mgmt fee basis | D25: Cmtd/Invstd | E25: Row Requires Input
C26: Mgmt fee post IP | D26: 0.01 | E26: Row Requires Input
C27: Mgmt fee basis | D27: Invested/NAV | E27: Row Requires Input
C28: Preferred return | D28: 0.1 | E28: Row Requires Input
C29: Waterfall | D29: pooled/deal | E29: Row Requires Input
C30: Catchup | D30: 50/50 | E30: Row Requires Input
C31: Promote split | D31: 90/10 | E31: Row Requires Input

Sheet ILPA Reporting Template(Level1)
B1: © 2016 Institutional Limited Partners Association. All rights reserved. ILPA-RS Reporting Template, enhanced for real estate with permission.
B3: ILPA-RS REPORTING TEMPLATE
B4: ILPA-RS Reporting Template (v. x.x) - This packet was last updated to add a tab for real estate, on 05.08.2019
B5: ='Reporting Template (General)'!B5 -> [Enter the Name of your Fund Here, i.e. Best Practices Real Estate Fund II] | E5: QTD | F5: YTD | G5: Since Inception | H5: QTD | I5: YTD | J5: Since Inception | K5: QTD | L5: YTD | M5: Since Inception
E6: =+'Reporting Template (General)'!D9 -> 43374 | F6: =+'Reporting Template (General)'!D8 -> 43101 | G6: =+'Reporting Template (General)'!D7 -> 40268 | H6: =+E6 -> 43374 | I6: =+F6 -> 43101 | J6: =+G6 -> 40268 | K6: =+H6 -> 43374 | L6: =+I6 -> 43101 | M6: =+J6 -> 40268 | N6: Row Contains Formulas
E7: =+'Reporting Template (General)'!D10 -> 43465 | F7: =+'Reporting Template (General)'!D10 -> 43465 | G7: =+'Reporting Template (General)'!D10 -> 43465 | H7: =+E7 -> 43465 | I7: =+F7 -> 43465 | J7: =+G7 -> 43465 | K7: =+H7 -> 43465 | L7: =+I7 -> 43465 | M7: =+J7 -> 43465 | N7: Row Contains Formulas
B9: A. Capital Account Statement for LP #5
B10: A.1 NAV Reconciliation and Summary of Fees, Expenses & Incentive Allocation | E10: LP #5's Allocation of Total Fund | H10: Total Fund (incl. GP Allocation) | K10: GP's Allocation of Total Fund
B11: Beginning NAV - Net of Incentive Allocation | E11: ='RS Supplemental(ILPA-RS Level2)'!E12 -> 45067000 | F11: ='RS Supplemental(ILPA-RS Level2)'!F12 -> 38196000 | G11: ='RS Supplemental(ILPA-RS Level2)'!G12 -> 0 | H11: ='RS Supplemental(ILPA-RS Level2)'!H12 -> 2495281787 | I11: ='RS Supplemental(ILPA-RS Level2)'!I12 -> 2163081300 | J11: ='RS Supplemental(ILPA-RS Level2)'!J12 -> 0 | K11: ='RS Supplemental(ILPA-RS Level2)'!K12 -> 339194377 | L11: ='RS Supplemental(ILPA-RS Level2)'!L12 -> 276104050 | M11: ='RS Supplemental(ILPA-RS Level2)'!M12 -> 0 | N11: Row Contains Link
B12: Contributions - Cash & Non-Cash | E12: ='RS Supplemental(ILPA-RS Level2)'!E13 -> 0 | F12: ='RS Supplemental(ILPA-RS Level2)'!F13 -> 5000000 | G12: ='RS Supplemental(ILPA-RS Level2)'!G13 -> 35000000 | H12: ='RS Supplemental(ILPA-RS Level2)'!H13 -> 0 | I12: ='RS Supplemental(ILPA-RS Level2)'!I13 -> 250375000 | J12: ='RS Supplemental(ILPA-RS Level2)'!J13 -> 1752625000 | K12: ='RS Supplemental(ILPA-RS Level2)'!K13 -> 0 | L12: ='RS Supplemental(ILPA-RS Level2)'!L13 -> 375000 | M12: ='RS Supplemental(ILPA-RS Level2)'!M13 -> 2625000 | N12: Row Contains Link
B13: Distributions - Cash & Non-Cash (input positive values) | E13: ='RS Supplemental(ILPA-RS Level2)'!E14 -> 1250000 | F13: ='RS Supplemental(ILPA-RS Level2)'!F14 -> 5000000 | G13: ='RS Supplemental(ILPA-RS Level2)'!G14 -> 19000000 | H13: ='RS Supplemental(ILPA-RS Level2)'!H14 -> 62593750 | I13: ='RS Supplemental(ILPA-RS Level2)'!I14 -> 250375000 | J13: ='RS Supplemental(ILPA-RS Level2)'!J14 -> 1452175000 | K13: ='RS Supplemental(ILPA-RS Level2)'!K14 -> 2593750 | L13: ='RS Supplemental(ILPA-RS Level2)'!L14 -> 12875000 | M13: ='RS Supplemental(ILPA-RS Level2)'!M14 -> 77175000 | N13: Row Contains Link
B14: Total Cash / Non-Cash Flows (contributions, less distributions) | E14: =E12-E13 -> -1250000 | F14: =F12-F13 -> 0 | G14: =G12-G13 -> 16000000 | H14: =H12-H13 -> -62593750 | I14: =I12-I13 -> 0 | J14: =J12-J13 -> 300450000 | K14: =K12-K13 -> -2593750 | L14: =L12-L13 -> -12500000 | M14: =M12-M13 -> -74550000 | N14: Row Contains Formulas
B15: Net Investment Income (Expense):
B16: (Management Fees – Gross of Offsets, Waivers & Rebates): | E16: ='RS Supplemental(ILPA-RS Level2)'!E17 -> -187500 | F16: ='RS Supplemental(ILPA-RS Level2)'!F17 -> -750000 | G16: ='RS Supplemental(ILPA-RS Level2)'!G17 -> -6625000 | H16: ='RS Supplemental(ILPA-RS Level2)'!H17 -> -9375000 | I16: ='RS Supplemental(ILPA-RS Level2)'!I17 -> -37500000 | J16: ='RS Supplemental(ILPA-RS Level2)'!J17 -> -331250000 | K16: ='RS Supplemental(ILPA-RS Level2)'!K17 -> 0 | L16: ='RS Supplemental(ILPA-RS Level2)'!L17 -> 0 | M16: ='RS Supplemental(ILPA-RS Level2)'!M17 -> 0 | N16: Row Contains Link
B17: Management Fee Rebate | E17: ='RS Supplemental(ILPA-RS Level2)'!E27 -> 0 | F17: ='RS Supplemental(ILPA-RS Level2)'!F27 -> 0 | G17: ='RS Supplemental(ILPA-RS Level2)'!G27 -> 0 | H17: ='RS Supplemental(ILPA-RS Level2)'!H27 -> 0 | I17: ='RS Supplemental(ILPA-RS Level2)'!I27 -> 0 | J17: ='RS Supplemental(ILPA-RS Level2)'!J27 -> 0 | K17: ='RS Supplemental(ILPA-RS Level2)'!K27 -> 0 | L17: ='RS Supplemental(ILPA-RS Level2)'!L27 -> 0 | M17: ='RS Supplemental(ILPA-RS Level2)'!M27 -> 0 | N17: Row Contains Link
B18: (Partnership Expenses - Total): | E18: ='RS Supplemental(ILPA-RS Level2)'!E28 -> -48000 | F18: ='RS Supplemental(ILPA-RS Level2)'!F28 -> -154780 | G18: ='RS Supplemental(ILPA-RS Level2)'!G28 -> -548429 | H18: ='RS Supplemental(ILPA-RS Level2)'!H28 -> -2328750 | I18: ='RS Supplemental(ILPA-RS Level2)'!I28 -> -4985053 | J18: ='RS Supplemental(ILPA-RS Level2)'!J28 -> -25072055 | K18: ='RS Supplemental(ILPA-RS Level2)'!K28 -> 0 | L18: ='RS Supplemental(ILPA-RS Level2)'!L28 -> 0 | M18: ='RS Supplemental(ILPA-RS Level2)'!M28 -> 0 | N18: Row Contains Link
O19: Outside/On top of Commitment | P19: Yes/No
B28: Total Offsets to Fees & Expenses (applied during period): | E28: ='RS Supplemental(ILPA-RS Level2)'!E69 -> 82600 | F28: ='RS Supplemental(ILPA-RS Level2)'!F69 -> 346500 | G28: ='RS Supplemental(ILPA-RS Level2)'!G69 -> 1538521 | H28: ='RS Supplemental(ILPA-RS Level2)'!H69 -> 4140600 | I28: ='RS Supplemental(ILPA-RS Level2)'!I69 -> 19227400 | J28: ='RS Supplemental(ILPA-RS Level2)'!J69 -> 82424249 | K28: ='RS Supplemental(ILPA-RS Level2)'!K69 -> 0 | L28: ='RS Supplemental(ILPA-RS Level2)'!L69 -> 0 | M28: ='RS Supplemental(ILPA-RS Level2)'!M69 -> 0 | N28: Row Contains Link
B39: Reconciliation for Unapplied Offset Balance (Roll-forward) | C39: Unapplied Offset Balance (Roll-forward) - Beginning Balance | E39: ='RS Supplemental(ILPA-RS Level2)'!E68 -> 1000 | F39: ='RS Supplemental(ILPA-RS Level2)'!F68 -> 5000 | G39: ='RS Supplemental(ILPA-RS Level2)'!G68 -> 0 | H39: ='RS Supplemental(ILPA-RS Level2)'!H68 -> 250000 | I39: ='RS Supplemental(ILPA-RS Level2)'!I68 -> 2500000 | J39: ='RS Supplemental(ILPA-RS Level2)'!J68 -> 0 | K39: ='RS Supplemental(ILPA-RS Level2)'!K68 -> 0 | L39: ='RS Supplemental(ILPA-RS Level2)'!L68 -> 0 | M39: ='RS Supplemental(ILPA-RS Level2)'!M68 -> 0 | N39: Row Contains Link
C40: Plus: Total Offsets to Fees & Expenses (recognized during period) | E40: ='RS Supplemental(ILPA-RS Level2)'!E70 -> 81600 | F40: ='RS Supplemental(ILPA-RS Level2)'!F70 -> 341500 | G40: ='RS Supplemental(ILPA-RS Level2)'!G70 -> 1538521 | H40: ='RS Supplemental(ILPA-RS Level2)'!H70 -> 3890600 | I40: ='RS Supplemental(ILPA-RS Level2)'!I70 -> 16727400 | J40: ='RS Supplemental(ILPA-RS Level2)'!J70 -> 82424249 | K40: ='RS Supplemental(ILPA-RS Level2)'!K70 -> 0 | L40: ='RS Supplemental(ILPA-RS Level2)'!L70 -> 0 | M40: ='RS Supplemental(ILPA-RS Level2)'!M70 -> 0 | N40: Row Contains Link
C41: Less: Total Offsets to Fees & Expenses (applied during period) | E41: =E28 -> 82600 | F41: =F28 -> 346500 | G41: =G28 -> 1538521 | H41: =H28 -> 4140600 | I41: =I28 -> 19227400 | J41: =J28 -> 82424249 | K41: =K28 -> 0 | L41: =L28 -> 0 | M41: =M28 -> 0 | N41: Row Contains Link
C42: Unapplied Offset Balance (Roll-forward) - Ending Balance | E42: =E39+E40-E41 -> 0 | F42: =F39+F40-F41 -> 0 | G42: =G39+G40-G41 -> 0 | H42: =H39+H40-H41 -> 0 | I42: =I39+I40-I41 -> 0 | J42: =J39+J40-J41 -> 0 | K42: =K39+K40-K41 -> 0 | L42: =L39+L40-L41 -> 0 | M42: =M39+M40-M41 -> 0 | N42: Row Contains Formulas
B43: (Total Management Fees & Partnership Expenses, Net of Offsets & Rebates, Gross of Fee Waiver) | E43: =E16+E17+E18+E28 -> -152900 | F43: =F16+F17+F18+F28 -> -558280 | G43: =G16+G17+G18+G28 -> -5634908 | H43: =H16+H17+H18+H28 -> -7563150 | I43: =I16+I17+I18+I28 -> -23257653 | J43: =J16+J17+J18+J28 -> -273897806 | K43: =K16+K17+K18+K28 -> 0 | L43: =L16+L17+L18+L28 -> 0 | M43: =M16+M17+M18+M28 -> 0 | N43: Row Contains Formulas
B44: Fee Waiver | E44: =+'RS Supplemental(ILPA-RS Level2)'!E82 -> 0 | F44: =+'RS Supplemental(ILPA-RS Level2)'!F82 -> 7500 | G44: =+'RS Supplemental(ILPA-RS Level2)'!G82 -> 25000 | H44: =+'RS Supplemental(ILPA-RS Level2)'!H82 -> 0 | I44: =+'RS Supplemental(ILPA-RS Level2)'!I82 -> 375000 | J44: =+'RS Supplemental(ILPA-RS Level2)'!J82 -> 1250000 | K44: =+'RS Supplemental(ILPA-RS Level2)'!K82 -> 0 | L44: =+'RS Supplemental(ILPA-RS Level2)'!L82 -> 0 | M44: =+'RS Supplemental(ILPA-RS Level2)'!M82 -> 0 | N44: Row Contains Link
B45: Interest Income | E45: =+'RS Supplemental(ILPA-RS Level2)'!E83 -> 500 | F45: =+'RS Supplemental(ILPA-RS Level2)'!F83 -> 1000 | G45: =+'RS Supplemental(ILPA-RS Level2)'!G83 -> 10000 | H45: =+'RS Supplemental(ILPA-RS Level2)'!H83 -> 25037.5 | I45: =+'RS Supplemental(ILPA-RS Level2)'!I83 -> 50075 | J45: =+'RS Supplemental(ILPA-RS Level2)'!J83 -> 500750 | K45: =+'RS Supplemental(ILPA-RS Level2)'!K83 -> 37.5 | L45: =+'RS Supplemental(ILPA-RS Level2)'!L83 -> 75 | M45: =+'RS Supplemental(ILPA-RS Level2)'!M83 -> 750 | N45: Row Contains Link
B46: Property Income/Distributions, Dividend Income | E46: =+'RS Supplemental(ILPA-RS Level2)'!E84 -> 10000 | F46: =+'RS Supplemental(ILPA-RS Level2)'!F84 -> 32380 | G46: =+'RS Supplemental(ILPA-RS Level2)'!G84 -> 233508 | H46: =+'RS Supplemental(ILPA-RS Level2)'!H84 -> 500750 | I46: =+'RS Supplemental(ILPA-RS Level2)'!I84 -> 2503750 | J46: =+'RS Supplemental(ILPA-RS Level2)'!J84 -> 17030000 | K46: =+'RS Supplemental(ILPA-RS Level2)'!K84 -> 750 | L46: =+'RS Supplemental(ILPA-RS Level2)'!L84 -> 3750 | M46: =+'RS Supplemental(ILPA-RS Level2)'!M84 -> 30000 | N46: Row Contains Link
B47: (Interest Expense) | E47: =+'RS Supplemental(ILPA-RS Level2)'!E85 -> -2000 | F47: =+'RS Supplemental(ILPA-RS Level2)'!F85 -> -8000 | G47: =+'RS Supplemental(ILPA-RS Level2)'!G85 -> -40000 | H47: =+'RS Supplemental(ILPA-RS Level2)'!H85 -> -100150 | I47: =+'RS Supplemental(ILPA-RS Level2)'!I85 -> -400600 | J47: =+'RS Supplemental(ILPA-RS Level2)'!J85 -> -2003000 | K47: =+'RS Supplemental(ILPA-RS Level2)'!K85 -> -150 | L47: =+'RS Supplemental(ILPA-RS Level2)'!L85 -> -600 | M47: =+'RS Supplemental(ILPA-RS Level2)'!M85 -> -3000 | N47: Row Contains Link
B48: Other Income/(Expense)+ | E48: =+'RS Supplemental(ILPA-RS Level2)'!E86 -> 1000 | F48: =+'RS Supplemental(ILPA-RS Level2)'!F86 -> 3000 | G48: =+'RS Supplemental(ILPA-RS Level2)'!G86 -> 20000 | H48: =+'RS Supplemental(ILPA-RS Level2)'!H86 -> 50075 | I48: =+'RS Supplemental(ILPA-RS Level2)'!I86 -> 150225 | J48: =+'RS Supplemental(ILPA-RS Level2)'!J86 -> 1001500 | K48: =+'RS Supplemental(ILPA-RS Level2)'!K86 -> 75 | L48: =+'RS Supplemental(ILPA-RS Level2)'!L86 -> 225 | M48: =+'RS Supplemental(ILPA-RS Level2)'!M86 -> 1500 | N48: Row Contains Link
B49: Total Net Investment Income (Expense) | E49: =SUM(E43:E48) -> -143400 | F49: =SUM(F43:F48) -> -522400 | G49: =SUM(G43:G48) -> -5386400 | H49: =SUM(H43:H48) -> -7087437.5 | I49: =SUM(I43:I48) -> -20579203 | J49: =SUM(J43:J48) -> -256118556 | K49: =SUM(K43:K48) -> 712.5 | L49: =SUM(L43:L48) -> 3450 | M49: =SUM(M43:M48) -> 29250 | N49: Row Contains Formulas
B50: (Placement Fees) | E50: =+'RS Supplemental(ILPA-RS Level2)'!E88 -> 0 | F50: =+'RS Supplemental(ILPA-RS Level2)'!F88 -> 0 | G50: =+'RS Supplemental(ILPA-RS Level2)'!G88 -> -40000 | H50: =+'RS Supplemental(ILPA-RS Level2)'!H88 -> 0 | I50: =+'RS Supplemental(ILPA-RS Level2)'!I88 -> 0 | J50: =+'RS Supplemental(ILPA-RS Level2)'!J88 -> -2000000 | K50: =+'RS Supplemental(ILPA-RS Level2)'!K88 -> 0 | L50: =+'RS Supplemental(ILPA-RS Level2)'!L88 -> 0 | M50: =+'RS Supplemental(ILPA-RS Level2)'!M88 -> 0 | N50: Row Contains Link
B51: Realized Gain / (Loss) | E51: =+'RS Supplemental(ILPA-RS Level2)'!E89 -> 1000000 | F51: =+'RS Supplemental(ILPA-RS Level2)'!F89 -> 3000000 | G51: =+'RS Supplemental(ILPA-RS Level2)'!G89 -> 15100000 | H51: =+'RS Supplemental(ILPA-RS Level2)'!H89 -> 50075000 | I51: =+'RS Supplemental(ILPA-RS Level2)'!I89 -> 145392253 | J51: =+'RS Supplemental(ILPA-RS Level2)'!J89 -> 887937906 | K51: =+'RS Supplemental(ILPA-RS Level2)'!K89 -> 2575000 | L51: =+'RS Supplemental(ILPA-RS Level2)'!L89 -> 12725000 | M51: =+'RS Supplemental(ILPA-RS Level2)'!M89 -> 175728250 | N51: Row Contains Link
B52: Change in Unrealized Gain / (Loss) | E52: =+'RS Supplemental(ILPA-RS Level2)'!E90 -> 1000000 | F52: =+'RS Supplemental(ILPA-RS Level2)'!F90 -> 5000000 | G52: =+'RS Supplemental(ILPA-RS Level2)'!G90 -> 20000000 | H52: =+'RS Supplemental(ILPA-RS Level2)'!H90 -> 62593750 | I52: =+'RS Supplemental(ILPA-RS Level2)'!I90 -> 250375000 | J52: =+'RS Supplemental(ILPA-RS Level2)'!J90 -> 1608000000 | K52: =+'RS Supplemental(ILPA-RS Level2)'!K90 -> 12531160 | L52: =+'RS Supplemental(ILPA-RS Level2)'!L90 -> 75375000 | M52: =+'RS Supplemental(ILPA-RS Level2)'!M90 -> 250500000 | N52: Row Contains Link
B53: Ending NAV - Net of Incentive Allocation | E53: =E11+E14+E49+E50+E51+E52 -> 45673600 | F53: =F11+F14+F49+F50+F51+F52 -> 45673600 | G53: =G11+G14+G49+G50+G51+G52 -> 45673600 | H53: =H11+H14+H49+H50+H51+H52 -> 2.5382693e+09 | I53: =I11+I14+I49+I50+I51+I52 -> 2538269350 | J53: =J11+J14+J49+J50+J51+J52 -> 2538269350 | K53: =K11+K14+K49+K50+K51+K52 -> 3.517075e+08 | L53: =L11+L14+L49+L50+L51+L52 -> 351707500 | M53: =M11+M14+M49+M50+M51+M52 -> 351707500 | N53: Row Contains Formulas
B54: Reconciliation for Accrued Incentive Allocation | C54: Accrued Incentive Allocation - Starting Period Balance | E54: =+'RS Supplemental(ILPA-RS Level2)'!E92 -> -4750000 | F54: =+'RS Supplemental(ILPA-RS Level2)'!F92 -> -3750000 | G54: =+'RS Supplemental(ILPA-RS Level2)'!G92 -> 0 | H54: =+'RS Supplemental(ILPA-RS Level2)'!H92 -> 0 | I54: =+'RS Supplemental(ILPA-RS Level2)'!I92 -> 0 | J54: =+'RS Supplemental(ILPA-RS Level2)'!J92 -> 0 | K54: =+'RS Supplemental(ILPA-RS Level2)'!K92 -> 337500000 | L54: =+'RS Supplemental(ILPA-RS Level2)'!L92 -> 275000000 | M54: =+'RS Supplemental(ILPA-RS Level2)'!M92 -> 0 | N54: Row Contains Link
C55: Incentive Allocation - Paid During the Period | E55: =+'RS Supplemental(ILPA-RS Level2)'!E93 -> 50000 | F55: =+'RS Supplemental(ILPA-RS Level2)'!F93 -> 250000 | G55: =+'RS Supplemental(ILPA-RS Level2)'!G93 -> 1250000 | H55: =+'RS Supplemental(ILPA-RS Level2)'!H93 -> 0 | I55: =+'RS Supplemental(ILPA-RS Level2)'!I93 -> 0 | J55: =+'RS Supplemental(ILPA-RS Level2)'!J93 -> 0 | K55: =+'RS Supplemental(ILPA-RS Level2)'!K93 -> -2500000 | L55: =+'RS Supplemental(ILPA-RS Level2)'!L93 -> -12500000 | M55: =+'RS Supplemental(ILPA-RS Level2)'!M93 -> -75000000 | N55: Row Contains Link
C56: Accrued Incentive Allocation - Periodic Change | E56: =+'RS Supplemental(ILPA-RS Level2)'!E94 -> -300000 | F56: =+'RS Supplemental(ILPA-RS Level2)'!F94 -> -1500000 | G56: =+'RS Supplemental(ILPA-RS Level2)'!G94 -> -6250000 | H56: =+'RS Supplemental(ILPA-RS Level2)'!H94 -> 0 | I56: =+'RS Supplemental(ILPA-RS Level2)'!I94 -> 0 | J56: =+'RS Supplemental(ILPA-RS Level2)'!J94 -> 0 | K56: =+'RS Supplemental(ILPA-RS Level2)'!K94 -> 15000000 | L56: =+'RS Supplemental(ILPA-RS Level2)'!L94 -> 87500000 | M56: =+'RS Supplemental(ILPA-RS Level2)'!M94 -> 425000000 | N56: Row Contains Link
C57: Accrued Incentive Allocation - Ending Period Balance | E57: =SUM(E54:E56) -> -5000000 | F57: =SUM(F54:F56) -> -5000000 | G57: =SUM(G54:G56) -> -5000000 | H57: =SUM(H54:H56) -> 0 | I57: =SUM(I54:I56) -> 0 | J57: =SUM(J54:J56) -> 0 | K57: =SUM(K54:K56) -> 350000000 | L57: =SUM(L54:L56) -> 350000000 | M57: =SUM(M54:M56) -> 350000000 | N57: Row Contains Formulas
C58: Ending NAV - Gross of Accrued Incentive Allocation | E58: =E53-E57 -> 50673600 | F58: =F53-F57 -> 50673600 | G58: =G53-G57 -> 50673600 | H58: =H53-H57 -> 2.5382693e+09 | I58: =I53-I57 -> 2538269350 | J58: =J53-J57 -> 2538269350 | K58: =K53-K57 -> 1707499.5 | L58: =L53-L57 -> 1707500 | M58: =M53-M57 -> 1707500 | N58: Row Contains Formulas
E59: =+E58-'RS Supplemental(ILPA-RS Level2)'!E96 -> 0 | F59: =+F58-'RS Supplemental(ILPA-RS Level2)'!F96 -> 0 | G59: =+G58-'RS Supplemental(ILPA-RS Level2)'!G96 -> 0 | H59: =+H58-'RS Supplemental(ILPA-RS Level2)'!H96 -> 0 | I59: =+I58-'RS Supplemental(ILPA-RS Level2)'!I96 -> 0 | J59: =+J58-'RS Supplemental(ILPA-RS Level2)'!J96 -> 0 | K59: =+K58-'RS Supplemental(ILPA-RS Level2)'!K96 -> 0 | L59: =+L58-'RS Supplemental(ILPA-RS Level2)'!L96 -> 0 | M59: =+M58-'RS Supplemental(ILPA-RS Level2)'!M96 -> 0 | N59: check figures should be zero
B61: A.2 Commitment Reconciliation: | E61: =E10 -> LP #5's Allocation of Total Fund | H61: =H10 -> Total Fund (incl. GP Allocation) | K61: =K10 -> GP's Allocation of Total Fund
B62: Total Commitment | E62: =+'RS Supplemental(ILPA-RS Level2)'!E100 -> 50000000 | F62: =+'RS Supplemental(ILPA-RS Level2)'!F100 -> 50000000 | G62: =+'RS Supplemental(ILPA-RS Level2)'!G100 -> 50000000 | H62: =+'RS Supplemental(ILPA-RS Level2)'!H100 -> 2503750000 | I62: =+'RS Supplemental(ILPA-RS Level2)'!I100 -> 2503750000 | J62: =+'RS Supplemental(ILPA-RS Level2)'!J100 -> 2503750000 | K62: =+'RS Supplemental(ILPA-RS Level2)'!K100 -> 3750000 | L62: =+'RS Supplemental(ILPA-RS Level2)'!L100 -> 3750000 | M62: =+'RS Supplemental(ILPA-RS Level2)'!M100 -> 3750000 | N62: Row Contains Link
B63: Beginning Unfunded Commitment: | E63: =+'RS Supplemental(ILPA-RS Level2)'!E101 -> 18500000 | F63: =+'RS Supplemental(ILPA-RS Level2)'!F101 -> 23500000 | G63: =+'RS Supplemental(ILPA-RS Level2)'!G101 -> 50000000 | H63: =+'RS Supplemental(ILPA-RS Level2)'!H101 -> 926387500 | I63: =+'RS Supplemental(ILPA-RS Level2)'!I101 -> 1176762500 | J63: =+'RS Supplemental(ILPA-RS Level2)'!J101 -> 2503750000 | K63: =+'RS Supplemental(ILPA-RS Level2)'!K101 -> 1387500 | L63: =+'RS Supplemental(ILPA-RS Level2)'!L101 -> 1762500 | M63: =+'RS Supplemental(ILPA-RS Level2)'!M101 -> 3750000 | N63: Row Contains Link
B64: (Less Contributions) | E64: =+'RS Supplemental(ILPA-RS Level2)'!E102 -> 0 | F64: =+'RS Supplemental(ILPA-RS Level2)'!F102 -> -5000000 | G64: =+'RS Supplemental(ILPA-RS Level2)'!G102 -> -35000000 | H64: =+'RS Supplemental(ILPA-RS Level2)'!H102 -> 0 | I64: =+'RS Supplemental(ILPA-RS Level2)'!I102 -> -250375000 | J64: =+'RS Supplemental(ILPA-RS Level2)'!J102 -> -1752625000 | K64: =+'RS Supplemental(ILPA-RS Level2)'!K102 -> 0 | L64: =+'RS Supplemental(ILPA-RS Level2)'!L102 -> -375000 | M64: =+'RS Supplemental(ILPA-RS Level2)'!M102 -> -2625000 | N64: Row Contains Link
B65: Plus Recallable Distributions | E65: =+'RS Supplemental(ILPA-RS Level2)'!E103 -> 0 | F65: =+'RS Supplemental(ILPA-RS Level2)'!F103 -> 0 | G65: =+'RS Supplemental(ILPA-RS Level2)'!G103 -> 4000000 | H65: =+'RS Supplemental(ILPA-RS Level2)'!H103 -> 0 | I65: =+'RS Supplemental(ILPA-RS Level2)'!I103 -> 0 | J65: =+'RS Supplemental(ILPA-RS Level2)'!J103 -> 200300000 | K65: =+'RS Supplemental(ILPA-RS Level2)'!K103 -> 0 | L65: =+'RS Supplemental(ILPA-RS Level2)'!L103 -> 0 | M65: =+'RS Supplemental(ILPA-RS Level2)'!M103 -> 300000 | N65: Row Contains Link
B66: (Less Expired/Released Commitments) | E66: =+'RS Supplemental(ILPA-RS Level2)'!E104 -> 0 | F66: =+'RS Supplemental(ILPA-RS Level2)'!F104 -> 0 | G66: =+'RS Supplemental(ILPA-RS Level2)'!G104 -> 0 | H66: =+'RS Supplemental(ILPA-RS Level2)'!H104 -> 0 | I66: =+'RS Supplemental(ILPA-RS Level2)'!I104 -> 0 | J66: =+'RS Supplemental(ILPA-RS Level2)'!J104 -> 0 | K66: =+'RS Supplemental(ILPA-RS Level2)'!K104 -> 0 | L66: =+'RS Supplemental(ILPA-RS Level2)'!L104 -> 0 | M66: =+'RS Supplemental(ILPA-RS Level2)'!M104 -> 0 | N66: Row Contains Link
B67: +/- Other Unfunded Adjustment | E67: =+'RS Supplemental(ILPA-RS Level2)'!E105 -> 0 | F67: =+'RS Supplemental(ILPA-RS Level2)'!F105 -> 0 | G67: =+'RS Supplemental(ILPA-RS Level2)'!G105 -> -500000 | H67: =+'RS Supplemental(ILPA-RS Level2)'!H105 -> 0 | I67: =+'RS Supplemental(ILPA-RS Level2)'!I105 -> 0 | J67: =+'RS Supplemental(ILPA-RS Level2)'!J105 -> -25037500 | K67: =+'RS Supplemental(ILPA-RS Level2)'!K105 -> 0 | L67: =+'RS Supplemental(ILPA-RS Level2)'!L105 -> 0 | M67: =+'RS Supplemental(ILPA-RS Level2)'!M105 -> -37500 | N67: Row Contains Link
B68: Ending Unfunded Commitment | E68: =+'RS Supplemental(ILPA-RS Level2)'!E106 -> 18500000 | F68: =+'RS Supplemental(ILPA-RS Level2)'!F106 -> 18500000 | G68: =+'RS Supplemental(ILPA-RS Level2)'!G106 -> 18500000 | H68: =+'RS Supplemental(ILPA-RS Level2)'!H106 -> 926387500 | I68: =+'RS Supplemental(ILPA-RS Level2)'!I106 -> 926387500 | J68: =+'RS Supplemental(ILPA-RS Level2)'!J106 -> 926387500 | K68: =+'RS Supplemental(ILPA-RS Level2)'!K106 -> 1387500 | L68: =+'RS Supplemental(ILPA-RS Level2)'!L106 -> 1387500 | M68: =+'RS Supplemental(ILPA-RS Level2)'!M106 -> 1387500 | N68: Row Contains Link
B70: A.3 Miscellaneous**: | E70: =E10 -> LP #5's Allocation of Total Fund | H70: =H10 -> Total Fund (incl. GP Allocation) | K70: =K10 -> GP's Allocation of Total Fund
B71: Incentive Allocation - Earned (period-end balance)**** | E71: =+'RS Supplemental(ILPA-RS Level2)'!E110 -> 1250000 | F71: =+'RS Supplemental(ILPA-RS Level2)'!F110 -> 1250000 | G71: =+'RS Supplemental(ILPA-RS Level2)'!G110 -> 1250000 | H71: =+'RS Supplemental(ILPA-RS Level2)'!H110 -> 0 | I71: =+'RS Supplemental(ILPA-RS Level2)'!I110 -> 0 | J71: =+'RS Supplemental(ILPA-RS Level2)'!J110 -> 0 | K71: =+'RS Supplemental(ILPA-RS Level2)'!K110 -> 75000000 | L71: =+'RS Supplemental(ILPA-RS Level2)'!L110 -> 75000000 | M71: =+'RS Supplemental(ILPA-RS Level2)'!M110 -> 75000000 | N71: Row Contains Link
B72: Incentive Allocation - Amount Held in Escrow (period-end balance)**** | E72: =+'RS Supplemental(ILPA-RS Level2)'!E111 -> 250000 | F72: =+'RS Supplemental(ILPA-RS Level2)'!F111 -> 250000 | G72: =+'RS Supplemental(ILPA-RS Level2)'!G111 -> 250000 | H72: =+'RS Supplemental(ILPA-RS Level2)'!H111 -> 0 | I72: =+'RS Supplemental(ILPA-RS Level2)'!I111 -> 0 | J72: =+'RS Supplemental(ILPA-RS Level2)'!J111 -> 0 | K72: =+'RS Supplemental(ILPA-RS Level2)'!K111 -> 15000000 | L72: =+'RS Supplemental(ILPA-RS Level2)'!L111 -> 15000000 | M72: =+'RS Supplemental(ILPA-RS Level2)'!M111 -> 15000000 | N72: Row Contains Link
B73: Returned Clawback**** | E73: =+'RS Supplemental(ILPA-RS Level2)'!E112 -> 0 | F73: =+'RS Supplemental(ILPA-RS Level2)'!F112 -> 0 | G73: =+'RS Supplemental(ILPA-RS Level2)'!G112 -> 0 | H73: =+'RS Supplemental(ILPA-RS Level2)'!H112 -> 0 | I73: =+'RS Supplemental(ILPA-RS Level2)'!I112 -> 0 | J73: =+'RS Supplemental(ILPA-RS Level2)'!J112 -> 0 | K73: =+'RS Supplemental(ILPA-RS Level2)'!K112 -> 0 | L73: =+'RS Supplemental(ILPA-RS Level2)'!L112 -> 0 | M73: =+'RS Supplemental(ILPA-RS Level2)'!M112 -> 0 | N73: Row Contains Link
B74: Capitalized Transaction Fees & Exp. - Costs Paid to Third Parties**** | E74: =+'RS Supplemental(ILPA-RS Level2)'!E113 -> 50000 | F74: =+'RS Supplemental(ILPA-RS Level2)'!F113 -> 200000 | G74: =+'RS Supplemental(ILPA-RS Level2)'!G113 -> 1000000 | H74: =+'RS Supplemental(ILPA-RS Level2)'!H113 -> 2503750 | I74: =+'RS Supplemental(ILPA-RS Level2)'!I113 -> 10015000 | J74: =+'RS Supplemental(ILPA-RS Level2)'!J113 -> 50075000 | N74: Row Contains Link
B75: Distributions Relating to Fees & Expenses**** | E75: =+'RS Supplemental(ILPA-RS Level2)'!E114 -> 2500 | F75: =+'RS Supplemental(ILPA-RS Level2)'!F114 -> 10000 | G75: =+'RS Supplemental(ILPA-RS Level2)'!G114 -> 58000 | H75: =+'RS Supplemental(ILPA-RS Level2)'!H114 -> 125187.5 | I75: =+'RS Supplemental(ILPA-RS Level2)'!I114 -> 500750 | J75: =+'RS Supplemental(ILPA-RS Level2)'!J114 -> 2904350 | N75: Row Contains Link
B76: Fund of Funds: Gross Fees, Exp. & Incentive Allocation paid to the Underlying Funds**** | E76: =+'RS Supplemental(ILPA-RS Level2)'!E115 -> 0 | F76: =+'RS Supplemental(ILPA-RS Level2)'!F115 -> 0 | G76: =+'RS Supplemental(ILPA-RS Level2)'!G115 -> 0 | H76: =+'RS Supplemental(ILPA-RS Level2)'!H115 -> 0 | I76: =+'RS Supplemental(ILPA-RS Level2)'!I115 -> 0 | J76: =+'RS Supplemental(ILPA-RS Level2)'!J115 -> 0 | N76: Row Contains Link
B77: B. Schedule of Fees, Incentive Allocation & Reimbursements Received by the GP & Related Parties, with Respect to the Fund and Underlying Property/Investments Held by the Fund
B79: B.1 Source Allocation: | E79: LP #5's Allocation of Total Fund | H79: Cumulative LPs' Allocation of Total Fund | K79: Affiliated Positions***
B80: With Respect to the Fund's LPs | C80: Management Fees - Net of Rebates, Gross of Offsets and Waivers | E80: =-(E16+E17) -> 187500 | F80: =-(F16+F17) -> 750000 | G80: =-(G16+G17) -> 6625000 | H80: =-(H16+H17-K16-K17) -> 9375000 | I80: =-(I16+I17-L16-L17) -> 37500000 | J80: =-(J16+J17-M16-M17) -> 331250000 | N80: Row Contains Formulas
C81: Partnership Expenses - Paid to GP & Related Parties - Gross of Offsets | E81: ='RS Supplemental(ILPA-RS Level2)'!E120 -> 1000 | F81: ='RS Supplemental(ILPA-RS Level2)'!F120 -> 4000 | G81: ='RS Supplemental(ILPA-RS Level2)'!G120 -> 30000 | H81: ='RS Supplemental(ILPA-RS Level2)'!H120 -> 50075 | I81: ='RS Supplemental(ILPA-RS Level2)'!I120 -> 200300 | J81: ='RS Supplemental(ILPA-RS Level2)'!J120 -> 1502250 | N81: Row Contains Link
C82: (Less Total Offsets to Fees & Expenses - applied during period) | E82: =-E28 -> -82600 | F82: =-F28 -> -346500 | G82: =-G28 -> -1538521 | H82: =-H28 -> -4140600 | I82: =-I28 -> -19227400 | J82: =-J28 -> -82424249 | N82: Row Contains Formulas
C83: Capitalized Transaction Fees & Exp. - Paid to GP & Related Parties**** | E83: ='RS Supplemental(ILPA-RS Level2)'!E130 -> 0 | F83: ='RS Supplemental(ILPA-RS Level2)'!F130 -> 0 | G83: ='RS Supplemental(ILPA-RS Level2)'!G130 -> 0 | H83: ='RS Supplemental(ILPA-RS Level2)'!H130 -> 0 | I83: ='RS Supplemental(ILPA-RS Level2)'!I130 -> 0 | J83: ='RS Supplemental(ILPA-RS Level2)'!J130 -> 0 | N83: Row Contains Link
C84: Accrued Incentive Allocation - Periodic Change | E84: =-E56 -> 300000 | F84: =-F56 -> 1500000 | G84: =-G56 -> 6250000 | H84: =K56 -> 15000000 | I84: =L56 -> 87500000 | J84: =M56 -> 425000000 | N84: Row Contains Formulas
B85: With Respect to the Fund's Underlying Properties/ Invs. | C85: Total Fees with Respect to Underlying Properties/Investments: | E85: ='RS Supplemental(ILPA-RS Level2)'!E132 -> 80600 | F85: ='RS Supplemental(ILPA-RS Level2)'!F132 -> 350500 | G85: ='RS Supplemental(ILPA-RS Level2)'!G132 -> 1611277 | H85: ='RS Supplemental(ILPA-RS Level2)'!H132 -> 3792500 | I85: ='RS Supplemental(ILPA-RS Level2)'!I132 -> 17475000 | J85: ='RS Supplemental(ILPA-RS Level2)'!J132 -> 86164062 | K85: ='RS Supplemental(ILPA-RS Level2)'!K132 -> 947225 | L85: ='RS Supplemental(ILPA-RS Level2)'!L132 -> 4342500 | M85: ='RS Supplemental(ILPA-RS Level2)'!M132 -> 21334765 | N85: Row Contains Link
C93: Total Reimbursements for Travel & Administrative Expenses**** | E93: ='RS Supplemental(ILPA-RS Level2)'!E145 -> 5000 | F93: ='RS Supplemental(ILPA-RS Level2)'!F145 -> 15000 | G93: ='RS Supplemental(ILPA-RS Level2)'!G145 -> 62200 | H93: ='RS Supplemental(ILPA-RS Level2)'!H145 -> 200000 | I93: ='RS Supplemental(ILPA-RS Level2)'!I145 -> 600000 | J93: ='RS Supplemental(ILPA-RS Level2)'!J145 -> 248800 | K93: ='RS Supplemental(ILPA-RS Level2)'!K145 -> 8000 | L93: ='RS Supplemental(ILPA-RS Level2)'!L145 -> 19500 | M93: ='RS Supplemental(ILPA-RS Level2)'!M145 -> 88500 | N93: Row Contains Link
B94: Total Received by the GP & Related Parties | E94: =SUM(E80:E85, E93) -> 491500 | F94: =SUM(F80:F85, F93) -> 2273000 | G94: =SUM(G80:G85, G93) -> 13039956 | H94: =SUM(H80:H85, H93) -> 24276975 | I94: =SUM(I80:I85, I93) -> 124047900 | J94: =SUM(J80:J85, J93) -> 761740863 | K94: =SUM(K80:K85, K93) -> 955225 | L94: =SUM(L80:L85, L93) -> 4362000 | M94: =SUM(M80:M85, M93) -> 21423265 | N94: Row Contains Formulas
B96: *Current offset percentages for the specific LP; As offset calculations may change over the life of the Fund, the current offset percentages may not be applicable for calculating the non-QTD offset balances
B97: **Content in A.3 aims to provide users with additional context on the balances provided in other sections; Some of the balances in A.3 represent a sub-total for an amount provided in another section; Balances in this section should be entered as a positive amount, even though similar balances in other sections may typically be presented as a negative amount; To prevent double-counting, or other miscalculations, users should avoid netting balances in A.3 with amounts in other sections
B98: ***Balances in this section represent fees & reimbursements received by the GP/Manager/Related Parties with respect to the Fund's investments that are not allocable to the Total Fund (i.e. allocated to ownership interests of LP co-investors & other vehicles managed-by/affiliated-with the GP/Manager/Related Party); To avoid double-counting, LP # 5's Allocation of Total Fund should not reflect any pro-rata share of these positions; Balances in this section, plus the balances in the "Cumulative LPs' Allocation of Total Fund" section, should equal the total fees/reimbursements received by the GP/Manager/Related Parties With Respect to the Fund's Portfolio Companies/Invs.
B99: ****Allocation for individual LPs, the Total Fund and all remaining positions may need to be estimated on a pro-rata basis
B100: +A description should be provided in the footnote section for any amount(s) listed in this row for the year-to-date period
B102: Shaded/Italicized/Grouped Content Represents Level 2 Data
B104: Footnotes for any YTD (Total Fund) expenses, fees & offsets (including any "other" balances)
B105: Partnership Expenses – Other ($10,500) = Insurance ($8,000) + Partnership-Level Taxes ($2,500)

Sheet RS Supplemental(ILPA-RS Level2)
B1: ILPA-RS REPORTING TEMPLATE | O1: FILTER for INPUTS Only
O2: Complete the BLUE FIELDS on this page
E5: LP #5's Allocation of Total Fund | H5: Total Fund (incl. GP Allocation) | K5: GP's Allocation of Total Fund
B6: ='Reporting Template (General)'!B5 -> [Enter the Name of your Fund Here, i.e. Best Practices Real Estate Fund II] | E6: QTD | F6: YTD | G6: Since Inception | H6: QTD | I6: YTD | J6: Since Inception | K6: QTD | L6: YTD | M6: Since Inception
E7: ='ILPA Reporting Template(Level1)'!E6 -> 43374 | F7: ='ILPA Reporting Template(Level1)'!F6 -> 43101 | G7: ='ILPA Reporting Template(Level1)'!G6 -> 40268 | H7: ='ILPA Reporting Template(Level1)'!H6 -> 43374 | I7: ='ILPA Reporting Template(Level1)'!I6 -> 43101 | J7: ='ILPA Reporting Template(Level1)'!J6 -> 40268 | K7: ='ILPA Reporting Template(Level1)'!K6 -> 43374 | L7: ='ILPA Reporting Template(Level1)'!L6 -> 43101 | M7: ='ILPA Reporting Template(Level1)'!M6 -> 40268 | N7: Row Contains Formulas | O7: Row Contains Link
E8: ='ILPA Reporting Template(Level1)'!E7 -> 43465 | F8: ='ILPA Reporting Template(Level1)'!F7 -> 43465 | G8: ='ILPA Reporting Template(Level1)'!G7 -> 43465 | H8: ='ILPA Reporting Template(Level1)'!H7 -> 43465 | I8: ='ILPA Reporting Template(Level1)'!I7 -> 43465 | J8: ='ILPA Reporting Template(Level1)'!J7 -> 43465 | K8: ='ILPA Reporting Template(Level1)'!K7 -> 43465 | L8: ='ILPA Reporting Template(Level1)'!L7 -> 43465 | M8: ='ILPA Reporting Template(Level1)'!M7 -> 43465 | N8: Row Contains Formulas | O8: Row Contains Link
B10: A. Capital Account Statement for LP #5
B11: A.1 NAV Reconciliation and Summary of Fees, Expenses & Incentive Allocation | E11: LP #5's Allocation of Total Fund | H11: Total Fund (incl. GP Allocation) | K11: GP's Allocation of Total Fund
B12: ='ILPA Reporting Template(Level1)'!B11:D11 -> Beginning NAV - Net of Incentive Allocation | E12: 45067000 | F12: 38196000 | G12: 0 | H12: 2495281787 | I12: 2163081300 | J12: 0 | K12: 339194377 | L12: 276104050 | M12: 0
B13: ='ILPA Reporting Template(Level1)'!B12:D12 -> Contributions - Cash & Non-Cash | E13: 0 | F13: 5000000 | G13: 35000000 | H13: 0 | I13: 250375000 | J13: 1752625000 | K13: 0 | L13: 375000 | M13: 2625000
B14: ='ILPA Reporting Template(Level1)'!B13:D13 -> Distributions - Cash & Non-Cash (input positive values) | E14: 1250000 | F14: 5000000 | G14: 19000000 | H14: 62593750 | I14: 250375000 | J14: 1452175000 | K14: 2593750 | L14: 12875000 | M14: 77175000
B15: Total Cash / Non-Cash Flows (contributions, less distributions) | E15: =E13-E14 -> -1250000 | F15: =F13-F14 -> 0 | G15: =G13-G14 -> 16000000 | H15: =H13-H14 -> -62593750 | I15: =I13-I14 -> 0 | J15: =J13-J14 -> 300450000 | K15: =K13-K14 -> -2593750 | L15: =L13-L14 -> -12500000 | M15: =M13-M14 -> -74550000
B16: Net Investment Income-RE:
A17: ='ILPA Reporting Template(Level1)'!$B$16 -> (Management Fees – Gross of Offsets, Waivers & Rebates): | B17: (Management Fees – Gross of Offsets, Waivers & Rebates): | E17: =E18 -> -187500 | F17: =F18 -> -750000 | G17: =G18 -> -6625000 | H17: =H18 -> -9375000 | I17: =I18 -> -37500000 | J17: =J18 -> -331250000 | K17: =K18 -> 0 | L17: =L18 -> 0 | M17: =M18 -> 0 | N17: Row Contains Formulas | O17: Row Contains FORMULA, Requires Total, and is a CRITICAL LINK
B18: (Management Fees - Ongoing and Onetime) | E18: -187500 | F18: -750000 | G18: -6625000 | H18: -9375000 | I18: -37500000 | J18: -331250000 | K18: 0 | L18: 0 | M18: 0 | N18: Row Contains Formulas | O18: Row Requires INPUT
B19: (Management Fee - Ongoing – Commitment Fee) | E19: Do not complete, definitional only. | O19: Def
B20: (Management Fee - Ongoing – Distribution Fee) | O20: Def
B21: (Management Fee - Ongoing – Asset Management) | O21: Def
B22: (Management Fee - Ongoing – Fund/Investment) | O22: Def
B23: (Management Fee - Onetime – Subscription Fee) | O23: Def
B24: (Management Fee - Onetime – Redemption Fee) | O24: Def
B25: (Management Fee - Onetime – Wind-up/Liquidation Fee) | O25: Def
B26: (Management Fee - Onetime – Other Vehicle Fee) | O26: Def
B27: Management Fee - Fee Reduction/Rebate | E27: 0 | F27: 0 | G27: 0 | H27: 0 | I27: 0 | J27: 0 | K27: 0 | L27: 0 | M27: 0 | O27: Row Requires INPUT and is a CRITICAL LINK
A28: ='ILPA Reporting Template(Level1)'!$B$18 -> (Partnership Expenses - Total): | B28: (Partnership Expenses - Total: {Vehicle Fees and Vehicle Costs}): | E28: =E29+E42+E60+E66+E67 -> -48000 | F28: =F29+F42+F60+F66+F67 -> -154780 | G28: =G29+G42+G60+G66+G67 -> -548429 | H28: =H29+H42+H60+H66+H67 -> -2328750 | I28: =I29+I42+I60+I66+I67 -> -4985053 | J28: =J29+J42+J60+J66+J67 -> -25072055 | K28: =K29+K42+K60+K66+K67 -> 0 | L28: =L29+L42+L60+L66+L67 -> 0 | M28: =M29+M42+M60+M66+M67 -> 0 | N28: Row Contains Formulas | O28: Row Contains FORMULA and is a CRITICAL LINK
B29: (Vehicle Fees – Related Party) | E29: =E30+E31+E39+E40+E41 -> -33000 | F29: =F30+F31+F39+F40+F41 -> -130000 | G29: =G30+G31+G39+G40+G41 -> -435000 | H29: =H30+H31++H39+H40+H41 -> -2075000 | I29: =I30+I31+I39+I40+I41 -> -4250000 | J29: =J30+J31+J39+J40+J41 -> -21300000 | K29: =K30+K31+K39+K40+K41 -> 0 | L29: =L30+L31+L39+L40+L41 -> 0 | M29: =M30+M31+M39+M40+M41 -> 0 | N29: Row Contains Formulas | O29: Row Contains FORMULA
B30: (Vehicle Fee – Related Party - Debt Arrangement Fee (Fund Financing Fee Charged by IM) | E30: -10000 | F30: -30000 | G30: -100000 | H30: -500000 | I30: -1000000 | J30: -5000000 | K30: 0 | L30: 0 | M30: 0 | O30: Row Requires INPUT
B31: (Vehicle Fees – Related Party - Transaction Based Property Service) | E31: -10000 | F31: -60000 | G31: -200000 | H31: -1000000 | I31: -2000000 | J31: -10000000 | K31: 0 | L31: 0 | M31: 0 | N31: Row Contains Formulas | O31: Row Requires INPUT
B32: (Vehicle Fee – Related Party - Transaction Based Property Service - Debt Arrangement Fee (Property Financing Fee Charged by IM) | E32: Do not complete, definitional only. | O32: Def
B33: (Vehicle Fee – Related Party - Transaction Based Property Service - Project Management Fee (aka Property Advisory Fee) | O33: Def
B34: (Vehicle Fee – Related Party - Transaction Based Property Service - Property Acquisition Fee) | O34: Def
B35: (Vehicle Fee – Related Party - Transaction Based Property Service - Property Disposition Fee) | O35: Def
B36: (Vehicle Fee – Related Party - Transaction Based Property Service - Property Due Diligence Fee Charged by IM) | O36: Def
B37: (Vehicle Fee – Related Party - Transaction Based Property Service - Dead Deal Fee Charged by IM) | O37: Def
B38: (Vehicle Fee – Related Party - Transaction Based Property Service - Other+) | O38: Def
B39: (Vehicle Fee – Related Party and/or passthrough - Other - Staff Due Diligence) | E39: -6000 | F39: -20000 | G39: -60000 | H39: -300000 | I39: -700000 | J39: -3500000 | K39: 0 | L39: 0 | M39: 0 | O39: Row Requires INPUT
B40: (Vehicle Fee – Related Party and/or passthrough - Other - Travel & Entertainment) | E40: -5000 | F40: -10000 | G40: -50000 | H40: -150000 | I40: -300000 | J40: -1500000 | K40: 0 | L40: 0 | M40: 0 | O40: Row Requires INPUT
B41: (Vehicle Fee – Related Party - Other+) | E41: -2000 | F41: -10000 | G41: -25000 | H41: -125000 | I41: -250000 | J41: -1300000 | K41: 0 | L41: 0 | M41: 0 | O41: Row Requires INPUT
B42: (Vehicle Costs – Third Party - Professional Service) | E42: =SUM(E43:E46,E50,E55,E59) -> -5000 | F42: =SUM(F43:F46,F50,F55,F59) -> -5000 | G42: =SUM(G43:G46,G50,G55,G59) -> -15000 | H42: =SUM(H43:H46,H50,H55,H59) -> -50000 | I42: =SUM(I43:I46,I50,I55,I59) -> -200000 | J42: =SUM(J43:J46,J50,J55,J59) -> -1000000 | K42: =SUM(K43:K46,K50,K55,K59) -> 0 | L42: =SUM(L43:L46,L50,L55,L59) -> 0 | M42: =SUM(M43:M46,M50,M55,M59) -> 0 | N42: Row Contains Formulas | O42: Row Contains FORMULA and is a CRITICAL LINK
B43: (Vehicle Cost – Third Party - Debt Arrangement Costs [ie. Subscription Lines of Credit]) | E43: -1000 | F43: -1000 | G43: -3000 | H43: -10000 | I43: -40000 | J43: -200000 | K43: 0 | L43: 0 | M43: 0 | O43: Row Requires INPUT
B44: (Vehicle Cost – Third Party - Organizational/Formation Costs) | E44: -500 | F44: -500 | G44: -1500 | H44: -5000 | I44: -20000 | J44: -100000 | K44: 0 | L44: 0 | M44: 0 | O44: Row Requires INPUT
B45: (Vehicle Cost – Third Party - Professional Service - Legal Service) | E45: -1000 | F45: -1000 | G45: -3000 | H45: -10000 | I45: -40000 | J45: -200000 | K45: 0 | L45: 0 | M45: 0 | O45: Row Requires INPUT
B46: (Vehicle Costs – Third Party - Professional Service - Audit & Tax Preparation Service) | E46: -500 | F46: -500 | G46: -1500 | H46: -5000 | I46: -20000 | J46: -100000 | K46: 0 | L46: 0 | M46: 0 | N46: Row Contains Formulas | O46: Row Requires INPUT
B47: (Vehicle Cost – Third Party - Professional Service - Audit Cost) | E47: Do not complete, definitional only. | O47: Def
B48: (Vehicle Cost – Third Party - Professional Service - Valuation Cost) | O48: Def
B49: (Vehicle Cost – Third Party - Professional Service - Audit & Tax - Other) | O49: Def
B50: (Vehicle Costs – Third Party - Professional Service -Custody Service) | E50: -1000 | F50: -1000 | G50: -3000 | H50: -10000 | I50: -40000 | J50: -200000 | K50: 0 | L50: 0 | M50: 0 | N50: Row Contains Formulas | O50: Row Requires INPUT
B51: (Vehicle Cost – Third Party - Professional Service - Bank Charges) | E51: Do not complete, definitional only. | O51: Def
B52: (Vehicle Cost – Third Party - Professional Service - Custodian Cost) | O52: Def
B53: (Vehicle Cost – Third Party - Professional Service - Transfer Agent Cost) | O53: Def
B54: (Vehicle Cost – Third Party - Professional Service -Trustee Cost) | O54: Def
B55: (Vehicle Costs – Third Party - Professional Service -Accounting, Admin & IT Service) | E55: -1000 | F55: -1000 | G55: -3000 | H55: -10000 | I55: -40000 | J55: -200000 | K55: 0 | L55: 0 | M55: 0 | N55: Row Contains Formulas | O55: Row Requires INPUT
B56: (Vehicle Cost – Third Party - Professional Service - Administrator (TPA) Cost) | E56: Do not complete, definitional only. | O56: Def
B57: (Vehicle Cost – Third Party - Professional Service - Consultant Cost) | O57: Def
B58: (Vehicle Cost – Third Party - Professional Service - Wind-up/Liquidation Cost) | O58: Def
B59: (Vehicle Costs – Third Party - Transaction Based Property Service - Dead Deal Cost Charged by 3rd Party) | E59: 0 | F59: 0 | G59: 0 | H59: 0 | I59: 0 | J59: 0 | K59: 0 | L59: 0 | M59: 0 | O59: Row Requires INPUT
B60: (Vehicle Costs – Taxes) | E60: -5000 | F60: -10000 | G60: -50000 | H60: -100000 | I60: -300000 | J60: -1500000 | K60: 0 | L60: 0 | M60: 0 | N60: Row Contains Formulas | O60: Row Requires INPUT
B61: (Vehicle Cost – Taxes - Capital Gain Tax) | E61: Do not complete, definitional only. | O61: Def
B62: (Vehicle Cost – Taxes - Corporate Income Tax) | O62: Def
B63: (Vehicle Cost – Taxes - Deferred Tax) | O63: Def
B64: (Vehicle Cost – Taxes - Value-add Tax (VAT) or Other Sales Tax (Non-recoverable) | O64: Def
B65: (Vehicle Cost – Taxes - Withholding Tax) | O65: Def
B66: (Vehicle Costs – Other+) | E66: -5000 | F66: -5000 | G66: -10000 | H66: -20000 | I66: -40000 | J66: -200000 | K66: 0 | L66: 0 | M66: 0 | O66: Row Requires INPUT
B67: (Partnership Expenses – Other+) | E67: 0 | F67: -4780 | G67: -38429 | H67: -83750 | I67: -195053 | J67: -1072055 | K67: 0 | L67: 0 | M67: 0 | O67: Row Requires INPUT
B68: Unapplied Fee & Expense Offset Balance (Roll-forward) - Beginning Balance | E68: 1000 | F68: 5000 | G68: 0 | H68: 250000 | I68: 2500000 | J68: 0 | K68: 0 | L68: 0 | M68: 0 | O68: Row Requires INPUT and is a CRITICAL LINK
B69: Total Offsets to Fees & Expenses (applied during period): | E69: 82600 | F69: 346500 | G69: 1538521 | H69: 4140600 | I69: 19227400 | J69: 82424249 | K69: 0 | L69: 0 | M69: 0 | O69: Row Requires INPUT and is a CRITICAL LINK
B70: Total Offsets to Fees & Expenses (recognized during period): | E70: 81600 | F70: 341500 | G70: 1538521 | H70: 3890600 | I70: 16727400 | J70: 82424249 | K70: 0 | L70: 0 | M70: 0 | O70: Row Requires INPUT and is a CRITICAL LINK
B71: Offset - Asset Management Fee Offset | E71: Do not complete, definitional only. | O71: Def
B72: Offset - Dead Deal Fee and Cost Offset | O72: Def
B73: Offset - Transaction [ie. Acquisition and Disposition] Fee Offset | O73: Def
B74: Offset - Property Advisory Fee Offset | O74: Def
B75: Offset - Project Management Fee Offset | O75: Def
B76: Offset - Debt Arrangement/Property Financing Fee Offset | O76: Def
B77: Offset - Organization/Formation Cost Offset | O77: Def
B78: Offset - Placement Fee and Cost Offset | O78: Def
B79: Offset - Other + | O79: Def
B80: Unapplied Fee & Expense Offset Balance (Roll-forward) - Ending Balance | E80: =E68-E69+E70 -> 0 | F80: =F68-F69+F70 -> 0 | G80: =G68-G69+G70 -> 0 | H80: =H68-H69+H70 -> 0 | I80: =I68-I69+I70 -> 0 | J80: =J68-J69+J70 -> 0 | O80: Row Contains FORMULA
B81: (Total Management Fees & Partnership Expenses, Net of Offsets & Rebates, Gross of Fee Waiver) | E81: =E17+E27+E28+E69 -> -152900 | F81: =F17+F27+F28+F69 -> -558280 | G81: =G17+G27+G28+G69 -> -5634908 | H81: =H17+H27+H28+H69 -> -7563150 | I81: =I17+I27+I28+I69 -> -23257653 | J81: =J17+J27+J28+J69 -> -273897806 | K81: =K17+K27+K28+K69 -> 0 | L81: =L17+L27+L28+L69 -> 0 | M81: =M17+M27+M28+M69 -> 0 | N81: Row Contains Formulas | O81: Row Contains FORMULA
B82: Fee Waiver | E82: 0 | F82: 7500 | G82: 25000 | H82: 0 | I82: 375000 | J82: 1250000 | K82: 0 | L82: 0 | M82: 0 | N82: Row Requires Input | O82: Row Requires INPUT
B83: Interest Income | E83: 500 | F83: 1000 | G83: 10000 | H83: 25037.5 | I83: 50075 | J83: 500750 | K83: 37.5 | L83: 75 | M83: 750 | N83: Row Requires Input | O83: Row Requires INPUT
B84: Property Income/Distributions, Dividend Income | E84: 10000 | F84: 32380 | G84: 233508 | H84: 500750 | I84: 2503750 | J84: 17030000 | K84: 750 | L84: 3750 | M84: 30000 | N84: Row Requires Input | O84: Row Requires INPUT
B85: (Interest Expense) | E85: -2000 | F85: -8000 | G85: -40000 | H85: -100150 | I85: -400600 | J85: -2003000 | K85: -150 | L85: -600 | M85: -3000 | N85: Row Requires Input | O85: Row Requires INPUT
B86: Other Income/(Expense)+ | E86: 1000 | F86: 3000 | G86: 20000 | H86: 50075 | I86: 150225 | J86: 1001500 | K86: 75 | L86: 225 | M86: 1500 | N86: Row Requires Input | O86: Row Requires INPUT
B87: Total Net Investment Income (Expense) | E87: =SUM(E81:E86) -> -143400 | F87: =SUM(F81:F86) -> -522400 | G87: =SUM(G81:G86) -> -5386400 | H87: =SUM(H81:H86) -> -7087437.5 | I87: =SUM(I81:I86) -> -20579203 | J87: =SUM(J81:J86) -> -256118556 | K87: =SUM(K81:K86) -> 712.5 | L87: =SUM(L81:L86) -> 3450 | M87: =SUM(M81:M86) -> 29250 | N87: Row Contains Formulas | O87: Row Contains FORMULA
B88: (Placement Fees) | E88: 0 | F88: 0 | G88: -40000 | H88: 0 | I88: 0 | J88: -2000000 | K88: 0 | L88: 0 | M88: 0 | N88: Row Requires Input | O88: Row Requires INPUT
B89: Realized Gain / (Loss) | E89: 1000000 | F89: 3000000 | G89: 15100000 | H89: 50075000 | I89: 145392253 | J89: 887937906 | K89: 2575000 | L89: 12725000 | M89: 175728250 | N89: Row Requires Input | O89: Row Requires INPUT
B90: Change in Unrealized Gain / (Loss) | E90: 1000000 | F90: 5000000 | G90: 20000000 | H90: 62593750 | I90: 250375000 | J90: 1608000000 | K90: 12531160 | L90: 75375000 | M90: 250500000 | N90: Row Requires Input | O90: Row Requires INPUT
B91: Ending NAV - Net of Incentive Allocation | E91: =+E12+E87+E88+E89+E90+E15 -> 45673600 | F91: =+F12+F87+F88+F89+F90+F15 -> 45673600 | G91: =+G12+G87+G88+G89+G90+G15 -> 45673600 | H91: =+H12+H87+H88+H89+H90+H15 -> 2.5382693e+09 | I91: =+I12+I87+I88+I89+I90+I15 -> 2538269350 | J91: =+J12+J87+J88+J89+J90+J15 -> 2538269350 | K91: =+K12+K87+K88+K89+K90+K15 -> 3.517075e+08 | L91: =+L12+L87+L88+L89+L90+L15 -> 351707500 | M91: =+M12+M87+M88+M89+M90+M15 -> 351707500 | N91: Row Contains Formulas | O91: Row Contains FORMULA
B92: Reconciliation for Accrued Incentive Allocation a.k.a. (Carried Interest, Promoted Interest, Profit-Share, Performance-Fee) | C92: Accrued Incentive Allocation/Carried Interest - Starting Period Balance | E92: -4750000 | F92: -3750000 | G92: 0 | H92: 0 | I92: 0 | J92: 0 | K92: 337500000 | L92: 275000000 | M92: 0 | N92: Row Requires Input | O92: Row Requires INPUT
C93: Incentive Allocation/Carried Interest - Paid During the Period | E93: 50000 | F93: 250000 | G93: 1250000 | H93: 0 | I93: 0 | J93: 0 | K93: -2500000 | L93: -12500000 | M93: -75000000 | N93: Row Requires Input | O93: Row Requires INPUT
C94: Accrued Incentive Allocation/Carried Interest - Periodic Change | E94: -300000 | F94: -1500000 | G94: -6250000 | H94: 0 | I94: 0 | J94: 0 | K94: 15000000 | L94: 87500000 | M94: 425000000 | N94: Row Requires Input | O94: Row Requires INPUT
C95: Accrued Incentive Allocation/Carried Interest - Ending Period Balance | E95: =SUM(E92:E94) -> -5000000 | F95: =SUM(F92:F94) -> -5000000 | G95: =SUM(G92:G94) -> -5000000 | H95: =SUM(H92:H94) -> 0 | I95: =SUM(I92:I94) -> 0 | J95: =SUM(J92:J94) -> 0 | K95: =SUM(K92:K94) -> 350000000 | L95: =SUM(L92:L94) -> 350000000 | M95: =SUM(M92:M94) -> 350000000 | N95: Row Contains Formulas | O95: Row Contains FORMULA
C96: Ending NAV - Gross of Accrued Incentive Allocation/Carried Interest | E96: =+E91-E95 -> 50673600 | F96: =+F91-F95 -> 50673600 | G96: =+G91-G95 -> 50673600 | H96: =+H91-H95 -> 2.5382693e+09 | I96: =+I91-I95 -> 2538269350 | J96: =+J91-J95 -> 2538269350 | K96: =+K91-K95 -> 1707499.5 | L96: =+L91-L95 -> 1707500 | M96: =+M91-M95 -> 1707500 | N96: Row Contains Formulas | O96: Row Contains FORMULA
A97: THIS IS COMPARABLE TO TGER NUMERATOR: | B97: Management Fee & Partnership Expense, Fee Waiver, Placement Fee, Incentive Allocation - for ("TGER") Numerator | E97: =E81+E82+E88+E94 -> -452900 | F97: =F81+F82+F88+F94 -> -2050780 | G97: =G81+G82+G88+G94 -> -11899908 | H97: =H81+H82+H88+H94 -> -7563150 | I97: =I81+I82+I88+I94 -> -22882653 | J97: =J81+J82+J88+J94 -> -274647806 | O97: Row Contains FORMULA
B99: A.2 Commitment Reconciliation: | E99: LP #5's Allocation of Total Fund | H99: Total Fund (incl. GP Allocation) | K99: GP's Allocation of Total Fund
B100: Total Commitment | E100: 50000000 | F100: 50000000 | G100: 50000000 | H100: 2503750000 | I100: 2503750000 | J100: 2503750000 | K100: 3750000 | L100: 3750000 | M100: 3750000 | N100: Row Requires Input and Contains Formulas | O100: Row Requires INPUT
B101: Beginning Unfunded Commitment: | E101: 18500000 | F101: 23500000 | G101: 50000000 | H101: 926387500 | I101: 1176762500 | J101: 2503750000 | K101: 1387500 | L101: 1762500 | M101: 3750000 | N101: Row Requires Input and Contains Formulas | O101: Row Requires INPUT
B102: (Less Contributions) | E102: 0 | F102: -5000000 | G102: -35000000 | H102: 0 | I102: -250375000 | J102: -1752625000 | K102: 0 | L102: -375000 | M102: -2625000 | N102: Row Requires Input | O102: Row Requires INPUT
B103: Plus Recallable Distributions | E103: 0 | F103: 0 | G103: 4000000 | H103: 0 | I103: 0 | J103: 200300000 | K103: 0 | L103: 0 | M103: 300000 | N103: Row Requires Input | O103: Row Requires INPUT
B104: (Less Expired/Released Commitments) | E104: 0 | F104: 0 | G104: 0 | H104: 0 | I104: 0 | J104: 0 | K104: 0 | L104: 0 | M104: 0 | N104: Row Requires Input | O104: Row Requires INPUT
...
